Unix NetHack Version 3.7.0-73 Work-in-progress - last build Feb 13 2023 23:22:17 (e889fd6b8cb55ddd886883d72e5aaabce8a889b2,branch:master). Game began 2023-02-15 00:07:07, ended 2023-02-15 00:32:06. Gandelf, neutral male human Monk ------- ------- |.....|-- |..|.>| |1.1..+.| |.....| --|..11.|-| |.--.--- |.+..1.1+.| --.|..0.---- |a|.111.|-| --..|.......| |a|1...1+.| |...|---....| |a|111.1|-- |...|..|....| |.|------ |...|)......| |a| --......|....-- |Y| |....|..|.....| |@| |....|--|0....| |.| |...-- --.|..| |.| ----- |.---- |.-------------------..| |......................| ------------------------ Gandelf the Initiate St:18/08 Dx:13 Co:11 In:9 Wi:13 Ch:9 Neutral S:4555 Dlvl:2 $:247 HP:0(49) Pw:40(40) AC:10 Xp:7/1012 T:3077 Hungry Latest messages: The rope golem hits! The rope golem grabs you! You hit the rope golem! You hit the rope golem! The rope golem hits! The rope golem hits! You are being choked. You hit the rope golem! You destroy the rope golem! With great effort you move the boulder. You hear a sound reminiscent of a seal barking. The boulder falls into and plugs a hole in the floor! With great effort you move the boulder. With great effort you move the boulder. You try to move the boulder, but in vain. You are beginning to feel hungry. You hear a wolf howling at the moon. The boulder falls into and plugs a hole in the floor! You hit the water nymph! The water nymph stole 5 uncursed oranges. A mysterious force prevents the water nymph from teleporting! You hit the water nymph! You hit the water nymph! You hear a sound reminiscent of a seal barking. Q - a runed wand. What do you want to zap? [tzEKQ or ?*] Q In what direction? k The water nymph seems to be moving slower. You hear a wolf howling at the moon. You kill the water nymph! You hit the owlbear! The owlbear hits! The owlbear hits! You hit the owlbear! The owlbear hits! The owlbear hits! You hit the owlbear! The owlbear hits! The owlbear hits! The owlbear grabs you! Are you sure you want to pray? [yn] (n) y You begin praying to Chih Sung-tzu. The owlbear hits! The owlbear hits! You die... Do you want your possessions identified? [ynq] (y) y Do you want to see your attributes? [ynq] (y) y Do you want an account of creatures vanquished? [ynaq] (y) y Do you want to see your conduct and achievements? [ynq] (y) y Do you want to see the dungeon overview? [ynq] (y) y Inventory: Coins $ - 247 gold pieces Weapons l - a +0 aklys Armor a - an uncursed +2 pair of leather gloves b - an uncursed +1 robe Comestibles O - 2 uncursed slime molds I - an uncursed cram ration g - an uncursed food ration D - 7 uncursed food rations j - 3 uncursed fortune cookies Scrolls B - 2 uncursed scrolls of earth q - an uncursed scroll of identify d - an uncursed scroll of light P - an uncursed scroll of remove curse M - an uncursed scroll of teleportation Spellbooks c - a blessed spellbook of healing Potions N - an uncursed potion of blindness G - a cursed potion of fruit juice r - an uncursed potion of hallucination f - 2 blessed diluted potions of healing w - an uncursed potion of levitation u - a cursed potion of speed e - an uncursed potion of water Rings y - an uncursed ring of poison resistance L - an uncursed ring of protection from shape changers J - an uncursed ring of see invisible m - a cursed ring of teleportation Wands K - a cursed wand of make invisible (0:7) z - a wand of nothing (0:3) t - a wand of polymorph (0:4) E - a wand of probing (0:7) Q - a wand of slow monster (0:3) Tools k - a magic marker (0:63) v - an uncursed saddle Gems/Stones n - 2 uncursed amber stones p - an uncursed opal s - an uncursed worthless piece of orange glass o - an uncursed worthless piece of violet glass Gandelf the Monk's attributes: Background: You were an Initiate, a level 7 male human Monk. You were neutral, on a mission for Chih Sung-tzu who was opposed by Shan Lai Ching (lawful) and Huan Ti (chaotic). You were in Sokoban, on level 2. You entered the dungeon 3077 turns ago. It was the midnight hour. You had 1012 experience points, 268 more were needed to attain level 8. Your score was 4555 before end-of-game adjustments. Basics: You had 0 out of 49 hit points. You had all 40 energy points (spell power). Your armor class was 10. Your wallet contained 247 zorkmids. Autopickup was on for '$?!+/=' plus thrown. Final Characteristics: Your strength was 18/08 (limit:18/100). Your dexterity was 13 (limit:18). Your constitution was 11 (limit:18). Your intelligence was 9 (limit:18). Your wisdom was 13 (limit:18). Your charisma was 9 (limit:18). Final Status: You were held by an owlbear (north). You were hungry. You were unencumbered. You were bare handed. You had basic skill with martial arts and could have enhanced that. You were not wearing any armor. Final Attributes: You were piously aligned. You were sleep resistant. You were poison resistant. You saw invisible. You were telepathic. You were warned. You were stealthy. You were fast. You were unlucky. You are dead. Miscellaneous: You never encountered a bones level. Total elapsed playing time was 24 minutes and 59 seconds. Major events: Turn 1: Gandelf the neutral male human Monk entered the dungeon 342: attained the rank of Novice (level 3) 765: entered Sokoban 980: completed 1st Sokoban level 1463: completed 2nd Sokoban level 1620: attained the rank of Initiate (level 6) 2173: completed 3rd Sokoban level 3065: completed 4th Sokoban level 3077: killed by an owlbear, while praying Vanquished creatures: 2 giant mimics a spotted jelly a leprechaun a lizard a dust vortex 2 ravens a plains centaur a rope golem a bugbear a water nymph 7 Mordor orcs a rock piercer a fog cloud a violet fungus a gray ooze a giant ant a floating eye 2 homunculi a kobold leader a rothe an orc zombie 2 killer bees an acid blob a hobbit a large kobold a hobgoblin 2 giant rats 2 cave spiders 3 yellow molds a gnome 2 geckos 7 jackals a kobold 2 grid bugs 2 lichens a kobold zombie 3 newts 62 creatures vanquished. No species were genocided or became extinct. Voluntary challenges: You never hit with a wielded weapon. You read items or engraved 2 times. You never engraved Elbereth. You never genocided any monsters. You never polymorphed an object. You never changed form. You used no wishes. You violated the special Sokoban rules 5 times. Achievements: You attained the rank of Novice. You entered Sokoban. You attained the rank of Initiate. The Dungeons of Doom: levels 1 to 6 Level 1: A fountain. Level 2: Level 3: A fountain, a grave. Level 4: A fountain, a sink. Level 5: Many fountains. Oracle of Delphi. Level 6: Some fountains. Stairs up to Sokoban, level 5. Sokoban: levels 5 up to 2 Level 2: <- You were here. Solved. Final resting place for you, killed by an owlbear, while praying. Level 3: Solved. Level 4: Solved. Level 5: Solved. Game over: ---------- / \ / REST \ / IN \ / PEACE \ / \ | Gandelf | | 247 Au | | killed by an | | owlbear | | | | | | 2023 | *| * * * | * _________)/\\_//(\/(/\)/\//\/|_)_______ Goodbye Gandelf the Monk... You died in Sokoban on dungeon level 2 with 4531 points, and 247 pieces of gold, after 3077 moves. You were level 7 with a maximum of 49 hit points when you died.